 Dungeon Crawl Stone Soup version 0.31-a0-1603-gbec6b6c (webtiles) character file.

Game seed: 4797501529153459601

1868012 mightyno9 the Sorcerer (level 27, 228/228 HPs)
             Began as a Mummy Alchemist on Jan 1, 2024.
             Was the Champion of Ashenzari.
             Escaped with the Orb
             ... and 4 runes on Jan 7, 2024!
             The game lasted 06:16:00 (104804 turns).

mightyno9 the Sorcerer (Mummy Alchemist)          Turns: 104804, Time: 06:16:00

Health: 228/228    AC: 16    Str: 12      XL:     27
Magic:  54/54      EV: 17    Int: 24 (27) God:    Ashenzari [******]
Gold:   6431       SH: 17    Dex: 12 (13) Spells: 3/80 levels left

rFire   + + +        A - staff "Share My Disgust" (curse) {rF+ Fire, Elem, Cun} (curse)
rCold   + + +        l - +4 kite shield "Overhang to Understand" {reflect, Self, Elem} (curse)
rNeg    + + +        R - +1 troll leather armour of the Sidereal Augur {Regen+, Melee, Elem} (curse)
rPois   ∞            I - +1 helmet "Restrained Together" {rPois rC+ Slay+3, Elem, Bglg} (curse)
rElec   +            W - +2 cloak "Perceptive Oracle" {Bglg, Self} (curse)
rCorr   +            M - +2 pair of gloves "Distant Failure" {hurl, Cun, Elem} (curse)
SInv    +            u - +2 pair of boots "Bound the Doldrums" {rampage, Comp, Elem} (curse)
Will    +++++        y - amulet "Bound Water Diviner" {RegenMP, Elem, Comp} (curse)
Stlth   +            Q - ring of the Eternal Ether {^Contam rElec rF+++ rC+ rCorr, Fort, Range} (curse)
HPRegen 1.38/turn    T - ring "Doubts of Ashenzari" {Wiz Fly rC+ Will++, Self, Sorc} (curse)
MPRegen 0.74/turn

%: reflection, clarity, rampage, faith, wizardry (x1)
@: flying, studying Polearms
A: cold resistance 1, negative energy resistance 3, torment resistance 2, heat
vulnerability 1, in touch with death 2, no potions, faith
0: Orb of Zot
}: 4/15 runes: barnacled, slimy, silver, gossamer
a: Renounce Religion, Shatter the Chains


You escaped.
You worshipped Ashenzari.
Ashenzari was exalted by your worship.
You visited 12 branches of the dungeon, and saw 56 of its levels.
You also visited: Trove, Bailey, Ice Cave and Wizlab.

You collected 8641 gold pieces.
You spent 2210 gold pieces at shops.

Inventory:

Hand Weapons
 J - a +5 hand cannon of draining
Missiles
 n - 14 throwing nets
 E - 15 curare-tipped darts
Armour
 l - the cursed +4 kite shield "Overhang to Understand" (worn) {reflect, Self, Elem}
   (You took it off Donald on level 3 of the Shoals)

   It has a curse which improves the following skills: Introspection: Fighting
   and Spellcasting.
   Elements:  Fire Magic, Ice Magic, Air Magic and Earth Magic.
 q - a +4 ring mail of fire resistance
 u - the cursed +2 pair of boots "Bound the Doldrums" (worn) {rampage, Comp, Elem}
   (You acquired it in a wizard's laboratory)

   It has a curse which improves the following skills: Companions: Summonings
   and Necromancy.
   Elements:  Fire Magic, Ice Magic, Air Magic and Earth Magic.
 w - the +1 cloak of Starlight {*Dazzle EV+4 Stlth--}
   (You found it on level 3 of the Elven Halls)

   *Dazzle:   It may blind those who miss an attack against the wearer in melee
   combat.
   EV+4:      It affects your evasion (+4).
   Stlth--:   It makes you much less stealthy.
 I - the cursed +1 helmet "Restrained Together" (worn) {rPois rC+ Slay+3, Elem, Bglg}
   (You found it on level 5 of the Lair of Beasts)

   Slay+3:    It affects your accuracy & damage with ranged weapons and melee
   (+3).
   rC+:       It protects you from cold.
   rPois:     It protects you from poison It has a curse which improves the
   following skills: Elements: Fire Magic, Ice Magic, Air Magic and Earth Magic.
   Beguiling: Hexes and Translocations.
 M - the cursed +2 pair of gloves "Distant Failure" (worn) {hurl, Cun, Elem}
   (You found it on level 4 of the Spider Nest)

   It has a curse which improves the following skills: Cunning: Dodging and
   Stealth.
   Elements:  Fire Magic, Ice Magic, Air Magic and Earth Magic.
 P - a scarf of resistance
 R - the cursed +1 troll leather armour of the Sidereal Augur (worn) {Regen+, Melee, Elem}
   (You found it on level 1 of the Depths)

   Regen+:    It increases your rate of health regeneration.
   It has a curse which improves the following skills: Melee Combat: Short
   Blades, Long Blades, Axes, Maces & Flails, Polearms, Staves and Unarmed
   Combat.
   Elements:  Fire Magic, Ice Magic, Air Magic and Earth Magic.
 W - the cursed +2 cloak "Perceptive Oracle" (worn) {Bglg, Self}
   (You found it on level 11 of the Dungeon)

   It has a curse which improves the following skills: Beguiling: Hexes and
   Translocations.
   Introspection: Fighting and Spellcasting.
Magical Staves
 A - the cursed staff "Share My Disgust" (weapon) {rF+ Fire, Elem, Cun}
   (You acquired it on level 2 of the Crypt)

   [staff of fire]

   Base accuracy: +5 Base damage: 5 Base attack delay: 1.2 This weapon's minimum
   attack delay (0.6) is reached at skill level 12.
   rF+:       It protects you from fire.
   Fire:      It increases the power of your Fire spells.
   It falls into the 'Staves' category.
   It is a one-handed weapon.
   It has a curse which improves the following skills: Elements: Fire Magic, Ice
   Magic, Air Magic and Earth Magic.
   Cunning:   Dodging and Stealth.
 F - the staff of Abuse {rElec rF+ Air}
   (You found it on level 15 of the Dungeon)

   [staff of air]

   Base accuracy: +5 Base damage: 5 Base attack delay: 1.2 This weapon's minimum
   attack delay (0.6) is reached at skill level 12.
   rF+:       It protects you from fire.
   rElec:     It insulates you from electricity.
   Air:       It increases the power of your Air spells.
   It falls into the 'Staves' category.
   It is a one-handed weapon.
Jewellery
 b - the ring "Henath" {EV+5 Int+5}
   (You took it off a deep elf annihilator on level 3 of the Elven Halls)

   [ring of evasion]

   EV+5:      It affects your evasion (+5).
   Int+5:     It affects your intelligence (+5).
 j - a ring of willpower
 p - a ring of protection from fire
 r - an amulet of reflection
 y - the cursed amulet "Bound Water Diviner" (around neck) {RegenMP, Elem, Comp}
   (You found it on level 4 of the Vaults)

   [amulet of magic regeneration]

   RegenMP:   It increases your rate of magic regeneration.
   It has a curse which improves the following skills: Elements: Fire Magic, Ice
   Magic, Air Magic and Earth Magic.
   Companions: Summonings and Necromancy.
 K - a ring of flight
 L - a ring of protection from fire
 O - a +6 ring of intelligence
 Q - the cursed ring of the Eternal Ether (left hand) {^Contam rElec rF+++ rC+ rCorr, Fort, Range}
   (You found it in an ice cave)

   [ring of protection from cold]

   rF+++:     It renders you almost immune to fire.
   rC+:       It protects you from cold.
   rElec:     It insulates you from electricity.
   ^Contam:   It causes magical contamination when unequipped.
   rCorr:     It protects you from acid and corrosion.
   It has a curse which improves the following skills: Fortitude: Armour and
   Shields.
   Ranged Combat: Ranged Weapons and Throwing.
 T - the cursed ring "Doubts of Ashenzari" (right hand) {Wiz Fly rC+ Will++, Self, Sorc}
   (You found it in a treasure trove)

   [ring of wizardry]

   Wiz:       It improves your spell success rate.
   rC+:       It protects you from cold.
   Will++:    It greatly increases your willpower.
   Fly:       It grants you flight.
   It has a curse which improves the following skills: Introspection: Fighting
   and Spellcasting.
   Sorcery:   Conjurations and Alchemy.
Wands
 e - a wand of quicksilver (28)
 h - a wand of flame (137)
 k - a wand of polymorph (54)
 o - a wand of digging (10)
 x - a wand of mindburst (27)
 C - a wand of charming (57)
 S - a wand of roots (26)
Scrolls
 c - a scroll of summoning
 d - 8 scrolls of silence
 f - 8 scrolls of immolation
 g - 5 scrolls of brand weapon
 m - 10 scrolls of fog
 s - 5 scrolls of fear
 t - 12 scrolls of poison
 v - 12 scrolls of vulnerability
 z - 2 scrolls of enchant armour
 D - 3 scrolls of blinking
 H - 2 scrolls of torment
 U - 4 scrolls of amnesia
 V - 31 scrolls of teleportation
 X - 5 scrolls of revelation
Miscellaneous
 a - a phial of floods
 i - a condenser vane
 G - a lightning rod (4/4)


   Skills:
 + Level 16.8(21.3) Fighting
 - Level 2.5(4.5) Throwing
 - Level 4.0(6.2) Armour
 + Level 12.5(16.1) Dodging
 - Level 4.6(8.0) Stealth
 - Level 13.0(15.3) Shields
 - Level 24.3(27) Spellcasting
 + Level 24.0(26.1) Conjurations
 - Level 4.0(7.2) Hexes
 - Level 8.0(11.6) Necromancy
 + Level 18.4(26.6) Fire Magic
 - Level 2.6(8.7) Earth Magic
 - Level 8.0(10.5) Alchemy
 - Level 8.0 Evocations


You had 3 spell levels left.
You knew the following spells:

 Your Spells              Type           Power      Damage    Failure   Level
a - Sting                 Conj/Alch      100%       1d9       0%          1
b - Mercury Vapours       Alch/Air       100%       N/A       1%          2
c - Borgnjor's Vile Clut  Necr/Erth      55%        N/A       1%          5
d - Sticky Flame          Fire/Alch      100%       2d15      0%          4
e - Olgreb's Toxic Radia  Alch           70%        N/A       1%          4
f - Inner Flame           Hex/Fire       100%       N/A       0%          3
g - Irradiate             Conj/Alch      44%        3d26      1%          5
h - Fireball              Conj/Fire      63%        3d24      0%          5
i - Yara's Violent Unrav  Hex/Alch       33%        3d14      1%          5
j - Orb of Destruction    Conj           51%        9d13      1%          7
k - Dispel Undead         Necr           100%       3d31      1%          4
l - Stone Arrow           Conj/Erth      100%       3d13      0%          3
m - Ignition              Fire           63%        3d17      1%          8
n - Lee's Rapid Deconstr  Erth           32%        3d17*     1%          5
o - Fire Storm            Conj/Fire      63%        8d16      1%          9
p - Passwall              Erth           65%        N/A       1%          3
q - Passage of Golubria   Tloc           34%        N/A       8%          4

Your spell library contained the following spells:

 Spells                   Type           Power      Damage    Failure   Level
 Foxfire                  Conj/Fire      100%       2x1d9     0%          1
 Necrotise                Necr           100%       1d9       0%          1
 Scorch                   Fire           100%       2d9       0%          2
 Static Discharge         Conj/Air       100%       3-8/arc   0%          2
 Dazzling Flash           Conj/Hex       100%       N/A       0%          3
 Apportation              Tloc           68%        N/A       1%          1
 Sandblast                Erth           100%       2d20      1%          1
 Summon Small Mammal      Summ           100%       N/A       1%          1
 Call Imp                 Summ           68%        N/A       1%          2
 Cigotuvi's Dreadful Rot  Necr/Alch/Air  100%       N/A       1%          2
 Ensorcelled Hibernation  Hex/Ice        100%       N/A       1%          2
 Jinxbite                 Hex            100%       N/A       1%          2
 Lesser Beckoning         Tloc           68%        N/A       1%          2
 Fugue of the Fallen      Necr           100%       N/A       1%          3
 Mephitic Cloud           Conj/Alch/Air  75%        N/A       1%          3
 Summon Ice Beast         Ice/Summ       36%        N/A       1%          3
 Tukima's Dance           Hex            61%        N/A       1%          3
 Vampiric Draining        Necr           100%       2d13      1%          3
 Volatile Blastmotes      Fire/Tloc      100%       2d18      1%          3
 Call Canine Familiar     Summ           34%        N/A       2%          3
 Brom's Barrelling Bould  Conj/Erth      86%        2d10      0%          4
 Flame Wave               Conj/Fire      100%       2d21      0%          4
 Ignite Poison            Fire/Alch      100%       N/A       0%          4
 Iskenderun's Battlesphe  Conj           100%       2d15      0%          5
 Starburst                Conj/Fire      63%        6d17      0%          6
 Anguish                  Hex/Necr       54%        N/A       1%          4
 Animate Armour           Summ/Erth      100%       N/A       1%          4
 Animate Dead             Necr           100%       N/A       1%          4
 Cause Fear               Hex            30%        N/A       1%          4
 Dimensional Bullseye     Hex/Tloc       25%        N/A       1%          4
 Martyr's Knell           Necr/Summ      95%        N/A       1%          4
 Petrify                  Alch/Erth      68%        N/A       1%          4
 Summon Blazeheart Golem  Fire/Summ      98%        N/A       1%          4
 Alistair's Intoxication  Alch           46%        N/A       1%          5
 Arcjolt                  Conj/Air       39%        1d49      1%          5
 Curse of Agony           Necr           100%       N/A       1%          5
 Freezing Cloud           Conj/Ice/Air   33%        6-21      1%          5
 Bombard                  Conj/Erth      43%        9d7       1%          6
 Conjure Ball Lightning   Conj/Air       39%        3x3d13    1%          6
 Eringya's Noxious Bog    Alch           35%        4d6       1%          6
 Plasma Beam              Fire/Air       49%        2x1d64    1%          6
 Spellforged Servitor     Conj/Summ      38%        N/A       3%          7
 Lehudib's Crystal Spear  Conj/Erth      43%        10d10     4%          8
 Summon Mana Viper        Hex/Summ       50%        N/A       5%          5
 Summon Lightning Spire   Summ/Air       36%        N/A       6%          4
 Vhi's Electric Charge    Tloc/Air       72%        N/A       6%          4
 Sculpt Simulacrum        Ice/Alch       28%        N/A       12%         6
 Enfeeble                 Hex            30%        N/A       34%         7
 Infestation              Necr           57%        N/A       43%         8
 Haunt                    Necr/Summ      47%        N/A       52%         7
 Dispersal                Tloc           17%        N/A       69%         6
 Summon Cactus Giant      Summ           17%        N/A       69%         6
 Discord                  Hex            30%        N/A       95%         8
 Chain Lightning          Conj/Air       39%        3d52      96%         9
 Ozocubu's Refrigeration  Ice            19%        4d11      98%         7
 Malign Gateway           Summ/Tloc      17%        N/A       99%         7
 Monstrous Menagerie      Summ           17%        N/A       99%         7
 Disjunction              Tloc           17%        N/A       100%        8
 Maxwell's Capacitive Co  Air            19%        ∞         100%        8
 Summon Horrible Things   Summ           17%        N/A       100%        8
 Dragon's Call            Summ           17%        N/A       100%        9
 Polar Vortex             Ice            19%        12d2*     100%        9
 Shatter                  Erth           32%        3d26*     100%        9
 Sublimation of Blood     Necr           Unusable   N/A       N/A         2

Dungeon Overview and Level Annotations

Branches:
Dungeon (15/15)            Temple (1/1) D:7            Lair (5/5) D:11
 Shoals (4/4) Lair:2       Spider (4/4) Lair:2        Slime (5/5) Lair:5
    Orc (2/2) D:11            Elf (3/3) Orc:2        Vaults (5/5) D:14
  Crypt (3/3) Vaults:2       Tomb (0/3) Crypt:3      Depths (4/4) D:15
    Zot (5/5) Depths:4     Bailey (visited)           IceCv (visited)
 WizLab (visited)

Altars:
Ashenzari
Cheibriados
Dithmenos
Fedhas
Gozag
Hepliaklqana
Kikubaaqudgha
Makhleb
Nemelex Xobeh
Okawaru
Qazlal
Ru
Sif Muna
Trog
Uskayaw
Vehumet
Wu Jian
Xom
Yredelemnul
Jiyva
Lugonu

Shops:
D:12 :   Orc:2 ![(?   Elf:1 *   Elf:2 :   Elf:3 (   Shoals:3 [   Vaults:2 ?
Vaults:3 [!(((

Portals:
Hell: Depths:1 Depths:2 Depths:3 Depths:4
Abyss: Depths:2 Depths:3
Pandemonium: Depths:2
Ziggurat: Depths:4

Annotations:
Spider:4 1 runed translucent door, Superstore's ghost, adept TrBe
Elf:2 3 runed translucent doors, 3 exclusions


Innate Abilities, Weirdness & Mutations

You are immune to poison.
Your flesh is cold resistant. (rC+)
You are immune to negative energy. (rN+++)
You are immune to unholy pain and torment.
You are vulnerable to heat. (rF-)
You are strongly in touch with the powers of death.
You do not drink.
You have a special connection with the divine. (Faith)


Message History

The sixfirhy shocks you. You resist.
The sixfirhy hits you but does no damage.
The large abomination attacks as it pursues you!
You block the large abomination's attack.
The sixfirhy hits you! The sixfirhy shocks you. You resist.
The sixfirhy hits you but does no damage.
You block the sixfirhy's attack. x2; Miveqic attacks as it pursues you!
Miveqic hits you!! You block the sixfirhy's attack.
The sixfirhy closely misses you. You block the sixfirhy's attack.
There is an escape hatch in the ceiling here.
A mysterious force pulls you upwards. The hatch slams shut behind you.
Unknown command.
Unknown command.
Unknown command.
Casting: Irradiate (safe; 1% risk of failure)
Confirm with . or Enter, or press ? or * to list all spells.
You erupt in a fountain of uncontrolled magic!
The sixfirhy is blasted with magical radiation!!
You kill the sixfirhy!
You are lightly contaminated with residual magic.
Unknown command.
A smoke demon comes into view.
There is an open door here.
There is a stone staircase leading up here.
You fly upwards.
Your magical contamination has completely faded away.
There is a stone staircase leading down here.
There is a stone staircase leading up here.
You fly upwards.
There is a stone staircase leading down here.
Aiming: Dig
Press: ? - help, Shift-Dir - straight line A rock wall.
This square is covered in magical glow.
The rock shatters into small pieces.
Blink to where?
Press: ? - help, Dir - move target
As you read the scroll of blinking, it crumbles to dust.
You have escaped!

...####.......######~PP~~P♣P~~P♣~
.#.# #.#..........#~♣♣~~♣P♣~~.♣~
##.# #.###.####.###~♣♣~~♣P♣~~PP~
##.# #.# #.# #.# #~P♣~~.P♣~~.♣~
...# #.# #.# #.# #~.♣~~...~~.P~
#.#####.###.# #.###~.♣~~~~~~~P.~
.#..........# #...#~.♣~†....~♣♣~
#.########### #...#~~~~.###.~~~~
### #@..'.....#§#.....
#...#~~~~.###.~~~~ ##############
#...#~♣P~.....~P.~ .............#
#####~♣P~~~~~~~.♣~ ############.#
#~PP~~P..~~.♣~ ############.#
#~♣P~~.♣.~~♣♣~ .............#
#~♣P~~♣P.~~♣P~ ##############
#~PP~~♣P♣~~♣♣~ #~♣♣~~.♣♣~~♣♣~


There were no monsters in sight!

Vanquished Creatures
  the Royal Jelly (Slime:5)
  7 orbs of fire
  3 ancient liches (Zot:5)
  Mennas (Vaults:3)
  Mara (Depths:2)
  2 juggernauts
  Sojobo (Vaults:2)
  Boris (twice) (Vaults:2 Crypt:3)
  3 Killer Klowns (Zot:5)
  The ghost of Qut Zosu the Minotaur Barricade, a veteran MiCA of Jiyva (Depths:1)
  2 antique champions (WizLab)
  11 golden dragons
  2 curse toes (Zot:3)
  2 bone dragons (Crypt:3)
  A Tzitzimitl (Depths:3)
  3 doom hounds (Depths:3)
  The ghost of Kucw the Warrior, an adept GrFi of Cheibriados (Crypt:2)
  4 electric golems
  Jorgrun (Shoals:3)
  12 tentacled monstrosities
  Mlioglotl (Spider:4)
  10 liches
  21 Orb Guardians (Zot:5)
  A shard shrike skeleton (Crypt:2)
  8 quicksilver dragons
  6 deep elf master archers (Elf:3)
  Polyphemus (Shoals:3)
  3 titans (Vaults:5)
  5 deep elf blademasters (Elf:3)
  2 Executioners
  14 acid blobs
  5 death cobs
  15 ancient champions
  2 sphinxes
  12 tengu reavers
  Roxanne (Shoals:3)
  Donald (Shoals:3)
  10 azure jellies
  13 storm dragons
  Aizul (Shoals:4)
  7 protean progenitors
  12 rockslimes
  14 shadow dragons
  8 fire giants
  5 frost giants
  11 draconian scorchers
  7 deep elf sorcerers
  15 vault wardens
  A juggernaut zombie (Crypt:2)
  4 draconian shifters
  4 emperor scorpions (Spider:4)
  5 draconian knights
  A curse skull (Crypt:1)
  2 deep elf elementalists (Elf:3)
  A caustic shrike zombie (Crypt:2)
  3 draconian stormcallers
  An iron dragon (Depths:4)
  2 draconian monks
  A cacodemon (Zot:5)
  8 ghost moths
  A reaper (Crypt:2)
  4 draconian annihilators
  3 ghouls (Crypt:3)
  4 spriggan defenders
  4 orc warlords
  A shard shrike simulacrum (Crypt:3)
  9 quicksilver oozes
  4 broodmothers
  A caustic shrike skeleton (Crypt:2)
  23 ironbound preservers
  13 stone giants
  7 formless jellyfish
  20 very ugly things
  9 green draconians
  5 ironbound thunderhulks
  A juggernaut skeleton (WizLab)
  4 deep elf death magi
  9 red draconians
  6 vampire knights
  A deep elf demonologist (Elf:3)
  5 deep elf annihilators
  15 yellow draconians
  8 white draconians
  10 purple draconians
  The ghost of Qiar the Fighter, a journeyman DsGl of Cheibriados (Lair:4)
  13 black draconians
  A war gargoyle (Vaults:4)
  12 dire elephants
  3 spark wasps
  11 ettins
  3 crystal guardians
  6 jiangshi
  4 eidola
  3 merfolk javelineers
  6 fire dragons
  8 merfolk impalers
  A green death (Depths:2)
  17 yaktaur captains
  11 entropy weavers
  5 deep elf high priests
  8 ice dragons
  6 rakshasas
  29 vault guards
  11 great orbs of eyes
  A hell beast (Zot:5)
  A fenstrider witch zombie (Crypt:2)
  Fannar (D:10)
  2 peacekeepers
  7 radroaches
  11 hydras
  2 ogre magi (D:15)
  A spriggan air mage (Depths:1)
  4 ironbound frosthearts
  A juggernaut simulacrum (WizLab)
  4 merfolk aquamancers
  An alligator snapping turtle (Shoals:3)
  3 boulder beetles
  3 catoblepae
  5 satyrs (Shoals:4)
  3 spriggan skeletons (Crypt:3)
  6 deep troll shamans
  8 centaur warriors
  3 jorogumos
  3 two-headed ogres
  17 dancing weapons
  10 tengu warriors
  3 vampire magi
  4 spriggan berserkers
  3 occultists
  16 death yaks
  5 deep troll earth magi
  7 demonic crawlers
  Urug (Lair:4)
  3 hell knights
  Sonja (D:12)
  A storm dragon zombie (WizLab)
  Nergalle (Lair:2)
  2 titan skeletons
  17 deep elf knights
  5 fire crabs (D:15)
  5 iron trolls
  7 skysharks
  A fire crab (shapeshifter) (D:14)
  A storm dragon skeleton (Crypt:3)
  A salamander mystic (D:15)
  58 skeletal warriors
  3 glowing orange brains
  3 pharaoh ants
  5 shadow wraiths
  A goliath frog (Zot:5)
  5 sea snakes
  5 flayed ghosts
  2 sixfirhies
  11 arcanists
  2 sun moths
  12 orb spiders
  18 ironbound convokers
  2 glowing orange brains (shapeshifter)
  60 deep trolls
  2 anaconda skeletons
  A shadow demon (Depths:2)
  2 iron giant skeletons (Crypt:3)
  A shadow dragon zombie (Crypt:2)
  20 deep elf archers
  22 harpies
  11 phantasmal warriors
  13 necromancers
  Pikel (D:6)
  A harpy (shapeshifter) (D:14)
  27 deep elf pyromancers
  21 deep elf zephyrmancers
  14 lindwurms
  3 steelbarb worms
  16 orc knights
  16 fauns
  A faun (shapeshifter) (Vaults:5)
  15 wolf spiders
  34 ugly things
  A shadow dragon skeleton (Vaults:4)
  8 shining eyes
  3 stone giant zombies
  6 cyclopes
  14 manticores
  An orc sorcerer (Elf:1)
  A tengu skeleton (Vaults:1)
  8 salamanders
  A frost giant skeleton (Crypt:3)
  An elephant (shapeshifter) (Vaults:5)
  2 stone giant skeletons
  Maurice (D:11)
  3 kobold blastminers
  7 meliai
  22 moths of wrath
  2 human zombies
  9 large abominations
  4 centaur zombies (D:10)
  7 water nymphs
  9 human skeletons
  3 eyes of devastation
  6 elephants
  A molten gargoyle (D:15)
  4 black mambas
  8 merfolk sirens
  An iron dragon skeleton (Crypt:3)
  23 vault sentinels
  2 rust devils
  3 ice statues (IceCv)
  4 torpor snails
  6 gargoyles
  2 kobold demonologists
  An orc skeleton (Crypt:3)
  A naga skeleton (Crypt:3)
  An unseen horror zombie (D:10)
  A cane toad (shapeshifter) (Elf:2)
  A dire elephant skeleton (Crypt:3)
  13 komodo dragons
  15 cane toads
  2 unseen horrors (Depths:2)
  4 rime drakes
  33 yaktaurs
  5 tengu conjurers
  2 elf skeletons (Vaults:2)
  A bunyip simulacrum (Crypt:2)
  6 freezing wraiths
  A death yak skeleton (Crypt:1)
  A redback zombie (Spider:2)
  5 ice devils
  A yaktaur skeleton (Vaults:2)
  A purple draconian skeleton (Crypt:2)
  A queen bee (shapeshifter) (D:14)
  5 trolls
  A troll (shapeshifter) (D:13)
  A harpy zombie (Crypt:3)
  10 hornets
  5 polar bears (Lair:5)
  Grinder (D:4)
  A shadow dragon simulacrum (Crypt:3)
  6 wind drakes
  32 merfolk
  A queen bee (Lair:4)
  A sun moth zombie (Crypt:2)
  34 tarantellas
  A wind drake (shapeshifter) (D:13)
  2 hydra skeletons (Crypt:3)
  Prince Ribbit (D:6)
  2 raiju (shapeshifter)
  A blink frog (shapeshifter) (D:15)
  5 harpy skeletons
  A fire dragon zombie (Crypt:1)
  2 tarantella zombies
  2 glass eyes
  39 jumping spiders
  An ettin zombie (Crypt:2)
  119 slime creatures
  12 blink frogs
  A meliai zombie (D:10)
  24 dream sheep
  10 snapping turtles
  21 culicivoras
  A stone giant simulacrum (WizLab)
  2 ettin skeletons
  15 spriggans
  24 water elementals
  5 air elementals
  A jumping spider (shapeshifter) (Depths:3)
  3 shadows
  Sigmund (D:4)
  19 yaks
  11 vampires
  3 wyverns
  A ynoxinul (Depths:2)
  7 wraiths
  3 fire elementals (Depths:3)
  An elf zombie (Vaults:3)
  2 basilisks (Lair:5)
  2 wargs
  A redback (shapeshifter) (Vaults:5)
  52 redbacks
  7 vampire mosquitoes
  A human simulacrum (Vaults:1)
  A steam dragon (shapeshifter) (D:15)
  A chaos spawn (Depths:2)
  A glowing shapeshifter zombie (Vaults:3)
  2 two-headed ogre skeletons (Crypt:1)
  18 water moccasins
  Duvessa (D:5)
  5 great orb of eyes simulacra (IceCv)
  8 hydra simulacra (Depths:3)
  A demonspawn skeleton (Crypt:1)
  A black bear (shapeshifter) (Elf:3)
  4 black bears
  3 acid dragons
  2 glowing shapeshifter skeletons
  A sky beast (D:8)
  3 meliai simulacra (D:15)
  2 ice beasts
  A manticore zombie (Crypt:3)
  A black mamba simulacrum (Crypt:3)
  41 orc warriors
  9 boggarts
  13 laughing skulls
  41 wolves
  4 small abominations (Depths:2)
  22 centaurs
  5 ogres
  A manticore skeleton (Crypt:1)
  3 slime creature simulacra (IceCv)
  2 lemures (D:6)
  2 phantoms
  6 kobold brigands
  A komodo dragon zombie (Crypt:2)
  A brain worm (shapeshifter) (D:14)
  14 bullfrogs
  10 gnoll sergeants
  2 scorpions
  2 earth elementals
  A wyvern zombie (Crypt:3)
  6 glowing shapeshifter simulacra (IceCv)
  A cyclops skeleton (Crypt:2)
  Dowan (D:5)
  A queen bee zombie (Crypt:2)
  3 swamp dragon simulacra (WizLab)
  7 killer bees (Lair:4)
  A troll skeleton (Crypt:3)
  7 electric eels
  A howler monkey (shapeshifter) (D:15)
  6 howler monkeys
  10 crimson imps
  A bombardier beetle (D:7)
  4 hounds
  10 jellies
  5 centaur skeletons
  14 orc priests
  Crazy Yiuf (D:2)
  5 gnoll boudas (Bailey)
  A sleepcap (D:4)
  2 iguanas
  18 orc wizards
  3 shapeshifter simulacra (IceCv)
  18 gnolls
  11 adders
  A steam dragon zombie (Crypt:3)
  A shadow imp (D:7)
  A steam dragon skeleton (Crypt:2)
  3 white imps
  4 dart slugs
  3 ribbon worms
  69 orcs
  13 ball pythons
  7 endoplasms
  3 giant cockroaches
  10 hobgoblins
  3 jackals (D:2)
  5 quokkas
  2 training dummies (D:5)
  6 bats
  A dart slug zombie (Crypt:1)
  3 frilled lizards
  12 goblins
  A goblin skeleton (Crypt:3)
  A hobgoblin zombie (Crypt:1)
  30 kobolds
  8 rats
  A spectral hobgoblin (D:10)
  12 aspiring fleshes
  A fire vortex (Slime:5)
2567 creatures vanquished.

Vanquished Creatures (collateral kills)
  An orb of fire (Zot:4)
  An Orb Guardian (Zot:5)
  Grunn (Depths:3)
  2 quicksilver dragons
  3 acid blobs (Slime:5)
  A death cob (Zot:5)
  A shadow dragon (Zot:4)
  A storm dragon (Zot:2)
  3 azure jellies
  2 frost giants
  A formless jellyfish (Slime:1)
  A ghoul (WizLab)
  A stone giant (Depths:1)
  2 draconian annihilators
  A broodmother (Spider:2)
  A quicksilver ooze (IceCv)
  2 red draconians (Zot:5)
  A purple draconian (Zot:3)
  An ettin (Zot:3)
  An entropy weaver (Spider:2)
  2 jiangshi (WizLab)
  A demonic crawler (Spider:2)
  A storm dragon zombie (WizLab)
  A pharaoh ant (Spider:2)
  An orb spider (Spider:2)
  A shining eye (Slime:4)
  3 wolf spiders (Spider:2)
  2 moths of wrath
  3 tarantellas (Spider:2)
  2 culicivoras (Spider:2)
  3 jumping spiders (Spider:2)
  3 slime creatures
  8 redbacks (Spider:2)
  A swamp dragon skeleton (WizLab)
  A cyclops skeleton (WizLab)
  An aspiring flesh (Zot:5)
62 creatures vanquished.

Vanquished Creatures (others)
  A juggernaut zombie (WizLab)
  A jorogumo zombie (Spider:2)
  A broodmother zombie (Spider:2)
  4 wolf spider zombies (Spider:2)
  3 deep elf pyromancers
  14 redback zombies (Spider:2)
  A demonic crawler zombie (Spider:2)
  A tarantella (Spider:2)
  2 jumping spider zombies (Spider:2)
  2 culicivora zombies (Spider:2)
  3 tarantella zombies (Spider:2)
  A vampire (WizLab)
  A boggart (D:14)
  365 fire vortices
400 creatures vanquished.

Grand Total: 3029 creatures vanquished

Notes
Turn   | Place    | Note
-------+----------+-------------------------------------------
     0 | D:1      | mightyno9 the Mummy Alchemist began the quest for the Orb.
     0 | D:1      | Reached XP level 1. HP: 13/13 MP: 4/4
   581 | D:1      | Reached XP level 2. HP: 13/19 MP: 3/6
   608 | D:1      | Learned a level 2 spell: Mercury Vapours
  1259 | D:1      | Reached XP level 3. HP: 24/24 MP: 4/8
  1297 | D:1      | Learned a level 3 spell: Mephitic Cloud
  2337 | D:2      | Found a faded altar of an unknown god.
  2756 | D:2      | Reached XP level 4. HP: 30/30 MP: 8/10
  2761 | D:2      | Learned a level 4 spell: Sticky Flame
  2788 | D:2      | Found a runed translucent door.
  3744 | D:3      | Found a faded altar of an unknown god.
  3749 | D:3      | Found an iron altar of Okawaru.
  4357 | D:4      | Reached XP level 5. HP: 33/35 MP: 8/12
  4441 | D:4      | Noticed Sigmund
  4446 | D:4      | Killed Sigmund
  4447 | D:4      | Reached skill level 1 in Conjurations
  4447 | D:4      | Reached XP level 6. HP: 41/41 MP: 10/15
  4485 | D:4      | Learned a level 4 spell: Olgreb's Toxic Radiance
  5119 | D:4      | Found a burning altar of Makhleb.
  5133 | D:4      | Noticed Grinder
  5203 | D:5      | Entered Level 5 of the Dungeon
  5732 | D:5      | Found a shimmering altar of Xom.
  5802 | D:5      | Reached XP level 7. HP: 46/46 MP: 13/17
  5896 | D:5      | Reached skill level 1 in Fire Magic
  5960 | D:5      | Noticed Duvessa
  5960 | D:5      | Noticed Dowan
  5966 | D:5      | Killed Duvessa
  5972 | D:5      | Killed Dowan
  6212 | D:5      | Found a blossoming altar of Fedhas.
  7067 | D:6      | Noticed Pikel
  7071 | D:6      | Reached XP level 8. HP: 52/52 MP: 15/20
  7085 | D:6      | Killed Pikel
  7086 | D:6      | Reached skill level 5 in Alchemy
  7340 | D:6      | Reached skill level 1 in Fighting
  7951 | D:6      | Noticed Prince Ribbit
  7960 | D:6      | Killed Prince Ribbit
  7961 | D:6      | Reached XP level 9. HP: 64/64 MP: 2/21
  8594 | D:4      | Killed Grinder
  8954 | D:7      | Reached skill level 1 in Evocations
  9281 | D:7      | Found a flagged portal.
  9293 | Bailey   | Entered a bailey
  9725 | Bailey   | Reached skill level 5 in Fighting
 10066 | Bailey   | Reached XP level 10. HP: 76/76 MP: 8/22
 10692 | D:7      | Found a staircase to the Ecumenical Temple.
 10700 | Temple   | Entered the Ecumenical Temple
 10725 | Temple   | Became a worshipper of Ashenzari the Shackled
 11258 | D:7      | Noticed a two-headed ogre
 11267 | D:7      | Killed a two-headed ogre
 11610 | D:8      | Reached skill level 10 in Spellcasting
 11707 | D:8      | Learned a level 3 spell: Inner Flame
 11713 | D:8      | Learned a level 5 spell: Irradiate
 12015 | D:8      | Noticed a gargoyle
 12296 | D:8      | Found a basalt altar of Yredelemnul.
 12762 | D:9      | Found an ornate altar of the Wu Jian Council.
 13031 | D:9      | Reached * piety under Ashenzari
 13524 | D:10     | Entered Level 10 of the Dungeon
 13611 | D:10     | Noticed Fannar
 13690 | D:10     | Upgraded the game from 0.31-a0-1540-g5a0b83f to
                  | 0.31-a0-1549-g5ff9445
 14100 | D:10     | Killed Fannar
 14101 | D:10     | Reached XP level 11. HP: 77/86 MP: 3/25
 14248 | D:10     | Noticed a two-headed ogre
 14551 | D:10     | Learned a level 5 spell: Fireball
 14705 | D:10     | Reached ** piety under Ashenzari
 14744 | D:10     | Reached skill level 5 in Conjurations
 14830 | D:10     | Found a hazy altar of Hepliaklqana.
 16090 | D:10     | Found a hazy altar of Hepliaklqana.
 16155 | D:10     | Killed a two-headed ogre
 16597 | D:11     | Found a frozen archway.
 16641 | IceCv    | Entered an ice cave
 16651 | IceCv    | Reached skill level 5 in Fire Magic
 17672 | IceCv    | Reached XP level 12. HP: 72/92 MP: 7/28
 18610 | IceCv    | Found a viscous altar of Jiyva.
 18610 | IceCv    | Noticed an azure jelly
 18613 | IceCv    | Noticed a quicksilver ooze
 18616 | IceCv    | Killed an azure jelly
 18619 | IceCv    | Killed a quicksilver ooze
 18628 | IceCv    | Identified the ring "Weokh" {^Contam rElec rF+++ rC+ rCorr}
 18629 | IceCv    | Identified the ring "Buukk" {Ice Int+4}
 18629 | IceCv    | Identified the +2 robe "Yllesaun" {+Inv Int+4 Dex+4}
 18959 | D:11     | Upgraded the game from 0.31-a0-1549-g5ff9445 to
                  | 0.31-a0-1570-g93c622d
 19050 | D:11     | Noticed Maurice
 19057 | D:11     | Noticed a death yak
 19059 | D:11     | Killed Maurice
 19079 | D:11     | Killed a death yak
 19407 | D:11     | Noticed a boulder beetle
 19413 | D:11     | Killed a boulder beetle
 19607 | D:11     | Reached *** piety under Ashenzari
 19814 | D:11     | Found a staircase to the Lair.
 19937 | D:11     | Noticed a two-headed ogre
 19951 | D:11     | Killed a two-headed ogre
 20123 | D:11     | Found a staircase to the Orcish Mines.
 20319 | D:11     | Reached skill level 10 in Fighting
 20622 | D:2      | Noticed Crazy Yiuf
 20627 | D:2      | Killed Crazy Yiuf
 20783 | D:4      | Found a radiant altar of Vehumet.
 21243 | Lair:1   | Entered Level 1 of the Lair of Beasts
 21298 | Lair:1   | Reached **** piety under Ashenzari
 21338 | Lair:1   | Reached skill level 15 in Spellcasting
 21608 | Lair:1   | Reached skill level 1 in Shields
 21616 | Lair:1   | Gained mutation: You are strongly in touch with the powers
                  | of death. [Mummy growth]
 21616 | Lair:1   | Reached XP level 13. HP: 104/104 MP: 10/32
 22524 | Lair:2   | Upgraded the game from 0.31-a0-1570-g93c622d to
                  | 0.31-a0-1591-g515db51
 22583 | Lair:2   | Identified Caolyot's Grimoire of Burning Assembling
 22605 | Lair:2   | Learned a level 5 spell: Yara's Violent Unravelling
 22733 | Lair:2   | Noticed Nergalle
 22741 | Lair:2   | Killed Nergalle
 22841 | Lair:2   | Found a staircase to the Shoals.
 23045 | Lair:2   | Found a hole to the Spider Nest.
 24234 | Lair:3   | Reached skill level 1 in Hexes
 25426 | Lair:4   | Noticed Urug
 25431 | Lair:4   | Killed Urug
 25972 | Lair:4   | Reached XP level 14. HP: 99/116 MP: 7/34
 26775 | Lair:4   | Found a transporter.
 26776 | Lair:4   | Found a transporter.
 26803 | Lair:4   | Noticed Qiar's ghost (journeyman DsGl)
 27364 | Lair:5   | Entered Level 5 of the Lair of Beasts
 29090 | Lair:5   | Found a staircase to the Slime Pits.
 29098 | Lair:5   | Found a viscous altar of Jiyva.
 29797 | Lair:5   | Reached skill level 5 in Evocations
 30045 | Lair:5   | Identified the +1 helmet of Ysounel {rPois rC+ Slay+3}
 31064 | Lair:5   | Found a viscous altar of Jiyva.
 31064 | Lair:5   | Found a staircase to the Slime Pits.
 31376 | D:12     | Found Geuropun's Book Boutique.
 31696 | D:12     | Noticed Sonja
 31702 | D:12     | Killed Sonja
 31867 | D:12     | Reached XP level 15. HP: 71/130 MP: 22/38
 32567 | Orc:1    | Entered Level 1 of the Orcish Mines
 32768 | Orc:2    | Entered Level 2 of the Orcish Mines
 33003 | Orc:2    | Found a staircase to the Elven Halls.
 33976 | Orc:2    | Found Lafo's Antique Weapon Shop.
 33976 | Orc:2    | Found Ypra's Antique Armour Emporium.
 33980 | Orc:2    | Found Yttemef's Distillery.
 33982 | Orc:2    | Found Eloury's Magic Scroll Boutique.
 33994 | Orc:2    | Bought a scroll of poison for 60 gold pieces
 33994 | Orc:2    | Bought a scroll of teleportation for 45 gold pieces
 33994 | Orc:2    | Bought a scroll of poison for 60 gold pieces
 33994 | Orc:2    | Bought a scroll of teleportation for 45 gold pieces
 33994 | Orc:2    | Bought a scroll of fog for 60 gold pieces
 33994 | Orc:2    | Bought a scroll of fog for 60 gold pieces
 34221 | Orc:1    | Reached skill level 1 in Throwing
 34528 | Orc:1    | Reached ***** piety under Ashenzari
 34693 | D:13     | Identified the +5 falchion of Guemeliog {freeze, Fly rElec}
 35721 | D:13     | Learned a level 7 spell: Orb of Destruction
 35756 | D:14     | Upgraded the game from 0.31-a0-1591-g515db51 to
                  | 0.31-a0-1597-ge7908ec
 36467 | D:15     | Entered Level 15 of the Dungeon
 37045 | D:14     | Found a gate to the Vaults.
 37616 | D:15     | Reached skill level 10 in Conjurations
 37909 | D:15     | Paralysed by an air elemental for 1 turns
 38625 | D:15     | Found a staircase to the Depths.
 38634 | D:15     | Paralysed by an air elemental for 1 turns
 39031 | D:15     | Identified the staff "Kuhu" {rPois rF+++ rCorr Int-3 Earth}
 39121 | D:15     | Reached XP level 16. HP: 137/137 MP: 33/40
 39289 | D:15     | Paralysed by an air elemental for 1 turns
 39677 | D:15     | Identified the staff of Abuse {rElec rF+ Air}
 39933 | Spider:1 | Entered Level 1 of the Spider Nest
 40471 | Spider:1 | Learned a level 4 spell: Animate Dead
 40509 | Spider:1 | Reached skill level 1 in Necromancy
 41644 | Spider:1 | Reached skill level 5 in Necromancy
 42485 | Spider:1 | Learned a level 3 spell: Stone Arrow
 42552 | Spider:2 | Reached skill level 1 in Earth Magic
 43682 | Spider:3 | Reached XP level 17. HP: 147/147 MP: 33/41
 44687 | Spider:4 | Entered Level 4 of the Spider Nest
 44805 | Spider:4 | Noticed Mlioglotl
 44810 | Spider:4 | Killed Mlioglotl
 45178 | Spider:4 | Identified the +0 cloak "Athradgh" {Slay+4}
 46510 | Spider:4 | Found a runed translucent door.
 46512 | Spider:4 | Found a shimmering altar of Xom.
 46512 | Spider:4 | Noticed Superstore's ghost (adept TrBe)
 48163 | Spider:4 | Got a gossamer rune of Zot
 48311 | Spider:4 | Learned a level 8 spell: Ignition
 48483 | D:12     | Bought a book of Ice for 850 gold pieces
 48483 | D:12     | Bought a book of Iron for 544 gold pieces
 48491 | D:12     | Learned a level 5 spell: Lee's Rapid Deconstruction
 48586 | Shoals:1 | Entered Level 1 of the Shoals
 48594 | Shoals:1 | Identified the Parchment of the Deathly Oath
 49143 | Shoals:1 | Found Loudyac's Assorted Antiques.
 50779 | Shoals:2 | Reached XP level 18. HP: 134/155 MP: 26/44
 51606 | Shoals:3 | Noticed Polyphemus
 51739 | Shoals:3 | Noticed Donald
 52075 | Shoals:3 | Killed Polyphemus
 52309 | Shoals:3 | Killed Donald
 52583 | Shoals:3 | Noticed Jorgrun
 52591 | Shoals:3 | Killed Jorgrun
 52847 | Shoals:3 | Noticed Roxanne
 52956 | Shoals:3 | Reached skill level 5 in Shields
 53025 | Shoals:3 | Found Riygyqe's Armour Shop.
 53039 | Shoals:3 | Killed Roxanne
 53040 | Shoals:3 | Reached skill level 10 in Fire Magic
 53779 | Shoals:4 | Entered Level 4 of the Shoals
 53779 | Shoals:4 | Identified the serpent talisman of the Nexus {rF+++ Will++
                  | rCorr}
 53779 | Shoals:4 | Noticed Aizul
 53779 | Shoals:4 | Identified the Quarto of Ouranomancy and the Swarm
 55974 | Shoals:4 | Got a barnacled rune of Zot
 55988 | Shoals:4 | Killed Aizul
 56579 | Shoals:4 | Identified the +1 helmet "Oppuirot" {*Corrode rElec rPois
                  | Dex+3}
 57128 | Elf:1    | Entered Level 1 of the Elven Halls
 57435 | Lair:4   | Killed Qiar's ghost
 58271 | Elf:1    | Reached XP level 19. HP: 161/161 MP: 26/45
 58443 | Elf:1    | Found Wotzetoc's Neck Hole.
 59053 | Elf:2    | Found Hingi's Book Emporium.
 59794 | Elf:2    | Found a runed translucent gate.
 59794 | Elf:2    | Found a runed translucent gate.
 59817 | Elf:2    | Found a runed translucent gate.
 61066 | Elf:3    | Entered Level 3 of the Elven Halls
 62351 | Elf:3    | Found Henidacs's Weapon Emporium.
 62546 | Elf:3    | Reached skill level 10 in Shields
 63249 | Elf:3    | Found Henidacs's Weapon Emporium.
 63982 | Elf:3    | Identified the ring "Henath" {EV+5 Int+5}
 64307 | Elf:3    | Identified Obexol's Handbook of Variable Cinders
 64685 | Elf:3    | Identified the +5 chain mail of the Storm King {+Blink
                  | rPois Str-4 Stlth+}
 64685 | Elf:3    | Identified the ring of Atwaoc {Fire rElec}
 64881 | Elf:3    | Identified the Compendium of the Salamander
 64884 | Elf:3    | Identified the +0 plate armour of Immorality {*Slow Fly
                  | rElec Dex-3}
 64933 | Elf:3    | Identified the +7 great sword of Fate {freeze, rN+}
 64933 | Elf:3    | Found the +1 cloak of Starlight {*Dazzle EV+4 Stlth--}
 65242 | Vaults:1 | Entered Level 1 of the Vaults
 65342 | Vaults:1 | Learned a level 5 spell: Borgnjor's Vile Clutch
 65712 | D:14     | Reached XP level 20. HP: 155/168 MP: 32/46
 68638 | Vaults:2 | Upgraded the game from 0.31-a0-1597-ge7908ec to
                  | 0.31-a0-1603-gbec6b6c
 68641 | Vaults:2 | Noticed Boris
 68651 | Vaults:2 | Noticed Sojobo
 68653 | Vaults:2 | Killed Boris
 68823 | Vaults:2 | Identified the +8 trident "Dragonslayer" {speed, +Blink
                  | rPois}
 69477 | Vaults:2 | Found Bythresa's Magic Scroll Emporium.
 69486 | Vaults:2 | Bought a scroll of teleportation for 39 gold pieces
 69503 | Vaults:2 | Bought a scroll of amnesia for 52 gold pieces
 70509 | Vaults:2 | Learned a level 4 spell: Dispel Undead
 70865 | Vaults:2 | Found a staircase to the Crypt.
 71555 | Vaults:2 | Paralysed by an air elemental for 1 turns
 71558 | Vaults:2 | Paralysed by an air elemental for 1 turns
 71559 | Vaults:2 | Killed Sojobo
 72140 | Vaults:3 | Reached XP level 21. HP: 178/178 MP: 24/49
 72141 | Vaults:3 | Reached skill level 15 in Fire Magic
 72231 | Vaults:3 | Found a magical portal.
 72240 | WizLab   | Entered Zonguldrok's Shrine
 72903 | WizLab   | Noticed an antique champion
 72903 | WizLab   | Noticed an antique champion
 72908 | WizLab   | Killed an antique champion
 73015 | WizLab   | Killed an antique champion
 73036 | WizLab   | Identified the +1 kite shield "Teotenan" {Harm rC+ Str+3}
 73038 | WizLab   | Identified a scroll of acquirement
 73097 | WizLab   | Acquired a +2 pair of boots of rampaging
 73744 | Vaults:3 | Noticed Mennas
 73910 | Vaults:3 | Killed Mennas
 74312 | Vaults:3 | Found Nulioliu's Armour Emporium.
 74391 | Vaults:3 | Found Zaziawyo's Distillery.
 74765 | Vaults:3 | Found Yrefiguw's Antique Weapon Boutique.
 74852 | Vaults:3 | Bought a crude scimitar for 225 gold pieces
 74852 | Vaults:3 | Identified the +1 scimitar "Vephic" {venom, rElec Str+3
                  | Int+2 Dex-5} (You bought it in a shop on level 3 of the
                  | Vaults)
 74981 | Vaults:3 | Found Haxa's Antique Weapon Boutique.
 74984 | Vaults:3 | Found Ziyfoffi's Antique Weapon Emporium.
 74992 | Vaults:3 | Bought an iridescent long sword for 170 gold pieces
 74992 | Vaults:3 | Identified the +4 long sword "Onyoz" {vamp, rElec rPois
                  | rCorr Dex+3} (You bought it in a shop on level 3 of the
                  | Vaults)
 75100 | Vaults:3 | Reached skill level 15 in Conjurations
 75374 | Vaults:3 | Learned a level 9 spell: Fire Storm
 77715 | Crypt:1  | Entered Level 1 of the Crypt
 77746 | Crypt:1  | Reached XP level 22. HP: 152/185 MP: 29/51
 79476 | Crypt:2  | Found a runed translucent door.
 79481 | Crypt:2  | Noticed Kucw's ghost (adept GrFi)
 79481 | Crypt:2  | Identified the amulet of Lacs {RegenMP rF+++ rC+ Str-4}
 79712 | Crypt:2  | Acquired a staff of fire
 80195 | Crypt:2  | Killed Kucw's ghost
 80384 | Crypt:3  | Entered Level 3 of the Crypt
 80389 | Crypt:3  | Noticed Boris
 80393 | Crypt:3  | Killed Boris
 80639 | Crypt:3  | Found a staircase to the Tomb.
 81210 | Crypt:3  | Found a basalt altar of Yredelemnul.
 81345 | Crypt:3  | Found the +8 demon blade "Leech" {evervamp, Harm ^Drain
                  | rN+}
 82123 | Crypt:3  | Noticed a dread lich
 82531 | Crypt:3  | Identified the ring "Buvupyu" {*Corrode rF+ rN+ Dex+4
                  | Stlth+}
 82531 | Crypt:3  | Identified the ring "Zuach" {rC++ rN+ Dex+2}
 82531 | Crypt:3  | Identified the ring "Miutsak" {rF- rN+ Dex+3 SInv}
 82865 | Depths:1 | Entered Level 1 of the Depths
 83130 | Depths:1 | Noticed a juggernaut
 83313 | Depths:1 | Reached XP level 23. HP: 192/192 MP: 2/54
 84578 | Depths:1 | Found a gateway to Hell.
 84603 | Depths:1 | Found an iron altar of Okawaru.
 84684 | Depths:1 | Found a runed translucent door.
 84684 | Depths:1 | Noticed Qut Zosu's ghost (veteran MiCA)
 85316 | Depths:1 | Killed a juggernaut
 85685 | Depths:1 | Identified the staff "Xatoazo" {Str+2 Conj}
 85861 | Depths:1 | Killed Qut Zosu's ghost
 85933 | Depths:2 | Noticed a juggernaut
 86333 | Depths:2 | Noticed Mara
 86338 | Depths:2 | Noticed mightyno9's illusion
 86541 | Depths:2 | Noticed mightyno9's illusion
 86887 | Depths:2 | Noticed mightyno9's illusion
 87304 | Depths:2 | Killed Mara
 87383 | Depths:2 | Identified the +7 scimitar "Rausea" {spect, rPois SInv}
 87469 | Depths:1 | Reached ****** piety under Ashenzari
 87509 | Depths:2 | Found a portal to a secret trove of treasure.
 87825 | Depths:2 | Found a one-way gate to the infinite horrors of the Abyss.
 88008 | Depths:2 | Found a one-way gate leading to the halls of Pandemonium.
 88329 | Depths:3 | Reached skill level 1 in Armour
 88610 | Depths:3 | Found a corrupted altar of Lugonu.
 88689 | Depths:3 | Noticed Grunn
 88693 | Depths:3 | Killed Grunn
 88983 | Depths:3 | Identified the scarf of Supple Strength {rC+ rF+, ^Drain
                  | Will+ rCorr SInv}
 89081 | Depths:3 | Noticed a juggernaut
 89084 | Depths:3 | Killed a juggernaut
 89586 | Depths:3 | Reached XP level 24. HP: 157/195 MP: 10/53
 89911 | Depths:4 | Entered Level 4 of the Depths
 90185 | Depths:4 | Found a gate to the Realm of Zot.
 90389 | Depths:4 | Found a one-way gateway to a ziggurat.
 91012 | Depths:4 | Found a blossoming altar of Fedhas.
 91102 | Depths:4 | Found an opulent altar of Gozag.
 91670 | Vaults:5 | Entered Level 5 of the Vaults
 91959 | Vaults:5 | Identified the +6 spear of Pride {venom, rC+}
 92626 | Vaults:5 | Identified the Tome of Lava and the Catacomb
 92638 | Vaults:5 | Identified the Almanac of the Displaced Legion
 93363 | Vaults:5 | Identified the +6 rapier of Lien {venom, rN+ Int+3 Dex+2}
 93442 | Vaults:5 | Got a silver rune of Zot
 94337 | Slime:1  | Entered Level 1 of the Pits of Slime
 94351 | Slime:1  | Reached XP level 25. HP: 202/202 MP: 46/54
 95149 | Slime:5  | Entered Level 5 of the Pits of Slime
 95773 | Slime:5  | Noticed the Royal Jelly
 95778 | Slime:5  | Killed the Royal Jelly
 95908 | Slime:5  | Identified the staff of Severance {rElec Str+3 Summ Air}
 95909 | Slime:5  | Identified the +4 great sword "Fujotiro" {spect, Will+
                  | Dex+2}
 95910 | Slime:5  | Identified the +6 flail "Newtbane" {protect, rC++ rCorr
                  | Int+3 Dex-3}
 95911 | Slime:5  | Identified the +5 short sword "Ruusouq" {speed, rF++}
 95911 | Slime:5  | Identified the Parchment of the Star-crossed Throng
 95911 | Slime:5  | Identified the +0 robe of the Abyss {rF+ rN+ Int-4}
 95913 | Slime:5  | Identified the +2 rapier "Kamuaph" {antimagic, Str+2}
 95958 | Slime:5  | Got a slimy rune of Zot
 95998 | Slime:5  | Learned a level 3 spell: Passwall
 96326 | Depths:2 | You showed the slimy rune of Zot to enter a treasure trove
 96327 | Trove    | Entered a treasure trove
 96329 | Trove    | Identified the ring "Dyarais" {rN+ Slay+2}
 96329 | Trove    | Identified the amulet of Gysmygob {Reflect Int+2 SH+5}
 96329 | Trove    | Identified the amulet "Dupyskih" {rF+ Regen+}
 96329 | Trove    | Identified the ring of Fonaotou {Wiz Fly rC+ Will++}
 96330 | Trove    | Identified the ring "Pekheg" {Wiz Will+}
 96331 | Trove    | Identified the ring "Pulasar" {rC+ Will+ rCorr}
 96331 | Trove    | Identified the ring "Soqaed" {rF+ Will++ Str+6 Dex-3 SInv}
 96331 | Trove    | Identified the ring of Ashenzari's Whim {Wiz Str+3 Dex+2}
 96473 | Zot:1    | Entered Level 1 of the Realm of Zot
 97434 | Zot:1    | Identified the +0 robe of Qack {Stlth+}
 97657 | Zot:2    | Reached skill level 15 in Fighting
 98675 | Zot:2    | Reached skill level 5 in Dodging
 98707 | Zot:2    | Reached XP level 26. HP: 213/213 MP: 8/54
 99009 | Zot:2    | Found a shimmering blue altar of Sif Muna.
 99660 | Zot:3    | Found a snail-covered altar of Cheibriados.
101337 | Zot:5    | Entered Level 5 of the Realm of Zot
101501 | Zot:5    | Noticed an orb of fire
101502 | Zot:5    | Reached skill level 10 in Dodging
101564 | Zot:5    | Noticed an orb of fire
101564 | Zot:5    | Noticed an orb of fire
101564 | Zot:5    | Noticed an orb of fire
101571 | Zot:4    | Killed an orb of fire
101931 | Zot:4    | Killed an orb of fire
102045 | Zot:5    | Killed an orb of fire
102219 | Zot:5    | Killed an orb of fire
102840 | Zot:5    | Learned a level 4 spell: Passage of Golubria
103091 | Zot:5    | Noticed an orb of fire
103096 | Zot:5    | Killed an orb of fire
103113 | Zot:5    | Noticed an orb of fire
103205 | Zot:5    | Killed an orb of fire
103292 | Zot:5    | Noticed an ancient lich
103296 | Zot:5    | Killed an ancient lich
103393 | Zot:5    | Noticed an orb of fire
103401 | Zot:5    | Killed an orb of fire
103402 | Zot:5    | Reached XP level 27. HP: 215/227 MP: 15/54
103591 | Zot:5    | Noticed an ancient lich
103593 | Zot:5    | Killed an ancient lich
103637 | Zot:5    | Noticed an orb of fire
103651 | Zot:5    | Killed an orb of fire
103777 | Zot:5    | Noticed an ancient lich
103848 | Zot:5    | Killed an ancient lich
104048 | Zot:5    | Got the Orb of Zot
104097 | Zot:5    | Paralysed by a Zot trap for 5 turns
104240 | Zot:1    | Noticed Leofinig the pandemonium lord
104451 | D:9      | Noticed Defe the pandemonium lord
104634 | D:4      | Noticed Osonen the pandemonium lord
104649 | D:3      | Noticed Zoanwargh the pandemonium lord
104722 | D:4      | Noticed Miveqic the pandemonium lord
104804 | D:$      | Escaped with the Orb!

Illustrated notes

Levels and vault maps discovered:
D:1:      lightli_arrival_farm, layout_loops_ring,
          chequers_serial_rivers_micro_d, hangedman_decor_opposing
D:2:      layout_loops_ring, nicolae_ecumenical_snake_handling,
          grunt_ministairs_10, uniq_crazy_yiuf_cottage
D:3:      layout_basic, elyvilon_altar_1, nicolae_overflow_ecumenical_swirl,
          grunt_ministairs_7
D:4:      wad_river_or_something, layout_basic,
          grunt_temple_overflow_lords_of_destruction, uniq_sigmund, uniq_grinder
D:5:      dreamdust_elfheim, layout_loops_corners, tso_altar,
          mainiacjoe_overflow_surrounded_room, dk_xom_monty_hall
D:6:      layout_cave_pods, uniq_prince_ribbit1, uniq_pikel
D:7:      layout_loops_ring, minmay_temple_entry_junction, enter_bailey_3,
          wad_mini_maze
D:8:      layout_gridville, mainiacjoe_overflow_catwalk
D:9:      layout_roguey, general_overflow_altar
D:10:     layout_roguey, nicolae_hepliaklqana_monster_ancestors, serial_undead,
          serial_undead_a, serial_undead_f, serial_undead_a, serial_undead_d,
          uniq_fannar
D:11:     layout_loops_ring, david_lair_generic, david_orc_4,
          portal_ice_cave_demonic_guard, minmay_nine_imps, uniq_maurice
D:12:     layout_rooms, serial_shops, nicolae_shop_peninsula,
          corexii_checkpoint, uniq_sonja
D:13:     layout_long_grid
D:14:     layout_rooms, david_vaults_2, nicolae_eternal_life
D:15:     hangedman_crystal_crosses_colossus [crystal_crosses_arms_two,
          crystal_crosses_arms_one, crystal_crosses_arms_one]
Temple:   nicolae_temple_godzebo
Lair:1:   layout_loops_ring, dreamdust_deal_with_the_devil, beast_lair_carwin_3
Lair:2:   layout_small_grid, elwin_shoals_entry_rocks, spider_nest_entry_webs,
          lemuel_fruit_tree, uniq_nergalle
Lair:3:   nzn_winding_woodlands_three_and_one
          [nzn_winding_woodlands_5x15_default,
          nzn_winding_woodlands_5x15_zeroes, nzn_winding_woodlands_5x15_pockets,
          nzn_winding_woodlands_center_lodge], layout_chaotic_city,
          beast_lair_carwin_4
Lair:4:   beast_lair_carwin_large_2, layout_loops_ring, gammafunk_ghost_hive,
          serial_bayou_shore_b, serial_bayou_shore_a, uniq_urug
Lair:5:   minmay_lair_end_enchanted_forest, layout_gridlike,
          nicolae_slime_entry_field_trip, wad_woods_06, grunt_megastairs_3,
          serial_bayou_shore_b, infiniplex_staircase_pool
Shoals:1: layout_shoals, serial_shops, nicolae_shop_peninsula
Shoals:2: layout_shoals
Shoals:3: layout_shoals, serial_shops, nicolae_shop_stone, uniq_polyphemus,
          uniq_roxanne, uniq_jorgrun, uniq_donald
Shoals:4: shoals_end_grunt_garden, layout_shoals, uniq_aizul
Spider:1: nicolae_spider_jumping_over_cracks [nicolae_spider_jumping_sub_plain,
          nicolae_spider_jumping_sub_offset, nicolae_spider_jumping_sub_empty,
          nicolae_spider_jumping_sub_rim], nicolae_spider_solar_radiation
Spider:2: layout_spider_delve
Spider:3: layout_spider_delve
Spider:4: grunt_spider_rune_parallel, ebering_ghost_xom, nicolae_orb_island,
          uniq_mlioglotl
Slime:1:  layout_caves
Slime:2:  layout_caves
Slime:3:  layout_caves
Slime:4:  layout_caves, nicolae_slime_getting_an_eyeful
Slime:5:  slime_pit_nicolae_royal_road_to_ruin
Orc:1:    layout_caves
Orc:2:    st_orc_rangers, layout_caves
Elf:1:    layout_rooms, hangedman_elf_disciples,
          nicolae_shop_sticking_my_neck_out
Elf:2:    nicolae_elf_blades_splatter_lattice
          [nicolae_blade_entry_floor_patterns], layout_gridlike, serial_shops,
          nicolae_shop_behind_doors, serial_co_window_serial, co_window_paths_b,
          co_window_corner_a, co_window_cross_1, co_window_paths_b,
          co_window_paths_b, co_window_unsneaky_path_e, co_window_broadway_b,
          co_window_cross_2, co_window_corner_b, co_window_unsneaky_path_b,
          glass_columns_b, glass_columns_a, glass_columns_b
Elf:3:    minmay_elf_hall, layout_loops_corners, serial_shops, shop
Vaults:1: nicolae_vaults_offset_grid_hallway_4, v_rooms_6,
          nicolae_vaults_sesquioval_fish, v_misc_8, hangedman_vaults_river_flow,
          hangedman_vaults_stitches, nicolae_vaults_surprise_closet,
          nicolae_vaults_diamond_2, nicolae_vaults_storage_closets_1,
          nicolae_vaults_house_2, vaults_room_grid, layout_vaults_omnigrid
Vaults:2: vaults_room_semicircle, nicolae_vaults_oval_intersection,
          nicolae_vaults_hallways_thing, hangedman_vaults_cutoff,
          ontoclasm_vaults_gallery, minmay_crypt_entry_skeletal_spiral,
          hangedman_vaults_trim, nicolae_vaults_doubleplus_tesselated,
          v_pattern_2, nicolae_vaults_network_quinsquares
          [nicolae_vaults_network_quincunx_subvault,
          nicolae_vaults_network_quincunx_subvault,
          nicolae_vaults_network_quincunx_subvault,
          nicolae_vaults_network_quincunx_subvault],
          nicolae_vaults_closet_pinwheel_6, nicolae_vaults_diamond_1,
          layout_vaults_omnibox, serial_shops, shop_fountains, uniq_sojobo,
          uniq_boris
Vaults:3: infiniplex_enter_wizlab_glasses, vaults_room_stairs_pillars,
          v_alt_pattern_1, v_misc_3, grunt_vaults_swirl,
          nicolae_vaults_border_crossing, v_pattern_5, v_misc_19,
          hangedman_vaults_pinch, vaults_standard_mumra_x, layout_vaults_ring,
          serial_shops, nicolae_shop_trees, shop, shop,
          nicolae_shop_gibbet_a_chance, shop_fountains, uniq_mennas
Vaults:4: v_misc_33, hangedman_vaults_snaps, nicolae_vaults_stairing_the_circle,
          v_misc_30, nicolae_vaults_bisected_exclaves, vaults_mumra_hexcomb,
          layout_vaults_chaotic_city, serial_glass
Vaults:5: serial_shops
Crypt:1:  layout_basic, grunt_crypt_arrival_split
Crypt:2:  layout_misc_corridors, ebering_ghost_inner_flame,
          nicolae_crypt_small_crypt, lemuel_elevator
Crypt:3:  church_of_pain_bobbens, layout_chaotic_city,
          nicolae_crypt_grave_offerings
Depths:1: evilmike_diamond_1, layout_gridlike, ebering_ghost_reflecting_pool,
          hell_entry, okawaru_altar_gauntlet_db, grunt_megastairs_2
Depths:2: nicolae_moon_pools, layout_cave_pools, minmay_room_of_horrors,
          rand_demon_pan_entry_8, nicolae_trove_entry_isolated,
          hangedman_abyss_or_decor_slice, hell_entry, uniq_mara
Depths:3: cheibrodos_hall_of_evolution, layout_cave_pools, hell_entry,
          abyss_entry_flame_altar, minmay_splitting_lines,
          serial_sigils_hangedman_snap, kennysheep_generic_room_15, uniq_grunn
Depths:4: grunt_crosshair, layout_honeycomb, enter_ziggurat_c, fedhas_altar_2,
          hell_entry, grunt_gozag_breadcrumbs
Zot:1:    layout_basic
Zot:2:    layout_onion_interference, regret_index_zotdec_magical_s,
          st_small_dragon_hoard_1
Zot:3:    layout_gridlike, regret_index_zotdec_ex,
          regret_index_zotdec_serpentine_scales, grunt_megastairs_5
Zot:4:    layout_onion_interference
Zot:5:    layout_onion, lemuel_lake_of_fire

Skill      XL: |  1  2  3  4  5  6  7  8  9 10 11 12 13 14 15 16 17 18 19 20 21 22 23 24 25 26 27 |
---------------+----------------------------------------------------------------------------------+-----
Spellcasting   | 3 4 6 7 8 10 12 15 16 17 18 19 20 21 23 24 | 24.3
Alchemy        | 3 4 6 8 |  8.0
Conjurations   | 1 2 3 5 7 11 12 13 14 15 16 19 21 23 24 | 24.0
Fire Magic     | 3 4 5 6 9 11 13 14 16 17 18 | 18.4
Fighting       | 3 6 8 10 12 14 15 16 | 16.8
Stealth        | 2 4 |  4.6
Evocations     | 2 4 5 6 7 8 |  8.0
Shields        | 1 3 8 11 13 | 13.0
Hexes          | 4 |  4.0
Throwing       | 2 |  2.5
Necromancy     | 8 |  8.0
Earth Magic    | 2 |  2.6
Armour         | 2 4 |  4.0
Dodging        | 5 11 12 | 12.5

Action                     |  1- 3 |  4- 6 |  7- 9 | 10-12 | 13-15 | 16-18 | 19-21 | 22-24 | 25-27 || total
---------------------------+-------+-------+-------+-------+-------+-------+-------+-------+-------++-------
  Melee: Short sword       |    15 |       |       |    34 |   152 |       |       |       |       ||   201
         Whip              |    23 |    25 |    20 |       |       |       |       |       |       ||    68
         Dagger            |       |    29 |     1 |       |       |       |       |       |       ||    30
         Punch             |       |     1 |     1 |     3 |       |       |       |       |       ||     5
         Flail             |       |       |    40 |    23 |       |       |       |       |       ||    63
         Staff             |       |       |       |    40 |       |       |       |    34 |    10 ||    84
   Fire: Hand cannon       |       |       |       |       |    16 |    69 |   159 |    38 |       ||   282
  Throw: Stone             |       |     2 |       |     1 |       |       |       |       |       ||     3
         Dart              |       |       |     1 |       |       |     2 |     4 |     1 |       ||     8
         Throwing net      |       |       |     1 |       |       |       |     5 |       |       ||     6
         Javelin           |       |       |       |       |     1 |     1 |       |       |       ||     2
   Cast: Sting             |    69 |   101 |    46 |    22 |       |       |       |       |       ||   238
         Mercury Vapours   |     4 |     2 |     6 |       |       |       |       |       |       ||    12
         Olgreb's Toxic Ra |       |     2 |    43 |    63 |   260 |   367 |   129 |       |       ||   864
         Mephitic Cloud    |       |       |     9 |    11 |     4 |       |       |       |       ||    24
         Sticky Flame      |       |       |    16 |    55 |    56 |    13 |     4 |       |       ||   144
         Inner Flame       |       |       |       |    10 |    86 |   148 |    94 |       |     1 ||   339
         Irradiate         |       |       |       |    45 |    68 |   113 |    80 |    44 |    62 ||   412
         Fireball          |       |       |       |    66 |   114 |    95 |    75 |     7 |       ||   357
         Yara's Violent Un |       |       |       |       |     1 |     2 |     6 |     9 |     4 ||    22
         Orb of Destructio |       |       |       |       |    10 |    52 |    39 |    62 |     8 ||   171
         Stone Arrow       |       |       |       |       |       |    16 |    65 |    29 |     8 ||   118
         Animate Dead      |       |       |       |       |       |     4 |       |       |       ||     4
         Lee's Rapid Decon |       |       |       |       |       |     7 |    10 |     2 |     5 ||    24
         Ignition          |       |       |       |       |       |     5 |    74 |   256 |    31 ||   366
         Borgnjor's Vile C |       |       |       |       |       |       |   148 |   120 |    19 ||   287
         Dispel Undead     |       |       |       |       |       |       |    56 |   150 |     7 ||   213
         Fire Storm        |       |       |       |       |       |       |       |   104 |   326 ||   430
         Passwall          |       |       |       |       |       |       |       |       |     2 ||     2
         Passage of Golubr |       |       |       |       |       |       |       |       |     1 ||     1
 Invoke: Curse Item        |       |       |       |     6 |     4 |     3 |     3 |     2 |     1 ||    19
         Shatter the Chain |       |       |       |       |     3 |     3 |     1 |     2 |       ||     9
  Evoke: Wand              |       |       |    15 |       |     1 |     4 |    17 |     5 |     3 ||    45
         Lightning rod     |       |       |       |    11 |    14 |    10 |    13 |     7 |     1 ||    56
         Condenser vane    |       |       |       |       |       |       |     1 |       |       ||     1
    Use: Scroll            |       |     3 |       |     6 |     4 |     2 |    17 |     5 |    13 ||    50
   Stab: Confused          |       |       |     2 |     1 |       |       |       |       |       ||     3
         Distracted        |       |       |       |     1 |       |       |       |     1 |       ||     2
 Armour: Robe              |    14 |    44 |    54 |   173 |   376 |   370 |   389 |   191 |       ||  1611
         Troll leather arm |       |       |       |       |       |       |       |   113 |   270 ||   383
  Dodge: Dodged            |    36 |    58 |    76 |   134 |   227 |   194 |   136 |   124 |   109 ||  1094
  Block: Buckler           |       |       |       |       |   111 |    56 |       |       |       ||   167
         Kite shield       |       |       |       |       |       |    71 |   328 |   293 |   157 ||   849
         Reflection        |       |       |       |       |       |    36 |    67 |    19 |     4 ||   126

Table legend: (Time is in decaauts)
 A = Elapsed time spent in this place.
 B = Non-inter-level travel time spent in this place.
 C = Inter-level travel time spent in this place.
 D = Time resting spent in this place.
 E = Time spent auto-exploring this place.
 F = Levels seen in this place.
 G = Mean time per level.
                   A        B        C        D        E       F      G
               +--------+--------+--------+--------+--------+-----+--------+
         Total | 105733 |  99148 |   6585 |  32790 |  46407 |  60 | 1762.2 |
       Dungeon |  26166 |  23561 |   2605 |   6078 |  12429 |  15 | 1744.4 |
        Temple |     50 |      3 |     47 |      0 |      0 |   1 |   50.0 |
          Lair |  11247 |  10461 |    786 |   3040 |   5558 |   5 | 2249.4 |
        Shoals |   8745 |   8485 |    260 |   3560 |   3698 |   4 | 2186.2 |
   Spider Nest |   8175 |   7835 |    340 |   3449 |   2795 |   4 | 2043.8 |
    Slime Pits |   1688 |   1563 |    125 |    896 |    174 |   5 |  337.6 |
  Orcish Mines |   2589 |   2398 |    191 |   1251 |    764 |   2 | 1294.5 |
   Elven Halls |   7107 |   6819 |    288 |   2015 |   3594 |   3 | 2369.0 |
        Vaults |  14386 |  13390 |    996 |   3750 |   7287 |   5 | 2877.2 |
         Crypt |   5025 |   4855 |    170 |    921 |   2958 |   3 | 1675.0 |
        Depths |   8426 |   8018 |    408 |   2783 |   3540 |   4 | 2106.5 |
           Zot |   7741 |   7376 |    365 |   2705 |   2995 |   5 | 1548.2 |
         Trove |     69 |     69 |      0 |      0 |      0 |   1 |   69.0 |
        Bailey |   1118 |   1118 |      0 |    605 |    177 |   1 | 1118.0 |
      Ice Cave |   2245 |   2245 |      0 |   1250 |    363 |   1 | 2245.0 |
        Wizlab |    950 |    950 |      0 |    486 |     74 |   1 |  950.0 |
               +--------+--------+--------+--------+--------+-----+--------+

Top non-repeatable levels by time:
Vaults:1: 4178 daAuts
Depths:1: 4046 daAuts
  Lair:5: 3959 daAuts
Vaults:2: 3384 daAuts
   Elf:3: 3258 daAuts
Spider:4: 3229 daAuts
    D:10: 2878 daAuts
Shoals:3: 2691 daAuts
Vaults:3: 2637 daAuts
Vaults:4: 2546 daAuts
    D:15: 2530 daAuts
    D:11: 2467 daAuts
    D:14: 2352 daAuts
   Elf:2: 2278 daAuts
Spider:1: 2259 daAuts
